 Dungeon Crawl Stone Soup version 0.24.0-37-gcf1ca852f1 (webtiles) character file.

Game seed: 4728158163081560677, levelgen mode: deterministic

947 Iamsoldier the Covered (level 7, -2/66 HPs)
             Began as a Deep Dwarf Fighter on Dec 4, 2019.
             Slain by an iguana (7 damage)
             ... on level 5 of the Dungeon.
             The game lasted 00:08:59 (3226 turns).

Iamsoldier the Covered (Deep Dwarf Fighter)         Turns: 3226, Time: 00:09:00

Health: -2/66      AC: 14    Str: 25    XL:     7   Next: 89%
Magic:  6/6        EV:  5    Int:  9    God:
Gold:   217        SH: 11    Dex: 14    Spells: 6/6 levels left

rFire    . . .     SeeInvis .   a - +0 war axe
rCold    . . .     Gourm    .   c - +0 shield
rNeg     . . .     Faith    .   q - +0 plate armour
rPois    .         Spirit   .   s - +1 helmet
rElec    .         Reflect  .   (no cloak)
rCorr    .         Harm     +   (no gloves)
MR       +....                  (no boots)
Stlth    ..........             n - amulet of harm
HPRegen  0.00/turn              j - +2 ring of dexterity
MPRegen  0.10/turn              y - +4 ring of strength

@: non-regenerating
A: damage resistance, heal wounds, sense surroundings 1, no regeneration
a: Heal Wounds


You were on level 5 of the Dungeon.
You were not hungry.

You visited 1 branch of the dungeon, and saw 5 of its levels.

You collected 217 gold pieces.

Inventory:

Hand Weapons
 a - a +0 war axe (weapon)
Armour
 b - a +0 scale mail
 c - a +0 shield (worn)
 q - a +0 plate armour (worn)
 s - a +1 helmet (worn)
Jewellery
 j - a +2 ring of dexterity (left hand)
 l - an uncursed ring of stealth
 n - an amulet of harm (around neck)
 y - a +4 ring of strength (right hand)
Wands
 p - a wand of flame (27)
 v - a wand of polymorph (4)
Scrolls
 e - a scroll of blinking {unknown}
 h - a scroll of identify
 i - 3 scrolls of remove curse
 k - 2 scrolls of enchant armour
 m - a scroll of noise {unknown}
 r - a scroll of enchant weapon {unknown}
 t - a scroll of immolation {unknown}
 u - a scroll of teleportation
 w - 2 scrolls of amnesia {unknown}
Potions
 d - a potion of might
 o - a potion of berserk rage
 x - 3 potions of brilliance {unknown}
 z - a potion of heal wounds {unknown}
 A - a potion of curing {unknown}
Comestibles
 f - 6 rations
 g - 3 chunks of flesh


   Skills:
 + Level 4.9 Fighting
 + Level 5.3 Axes
 + Level 5.9 Armour
 + Level 5.9 Shields


You had 6 spell levels left.
You didn't know any spells.
Your spell library contained the following spells:

 Spells                   Type           Power        Failure   Level  Hunger
 Corona                   Hex            #......      100%        1    ##.....
 Ensorcelled Hibernation  Hex/Ice        #.....       100%        2    ###....
 Confuse                  Hex            #.......     100%        3    ####...
 Dazzling Spray           Conj/Hex       #.....       100%        3    ####...
 Tukima's Dance           Hex            #.......     100%        3    ####...


Dungeon Overview and Level Annotations

Branches:
Dungeon (5/15)
 Temple: D:4-7

Altars:
Nemelex Xobeh
Yredelemnul

Shops:
D:5 (


Innate Abilities, Weirdness & Mutations

You are resistant to damage.
You can heal yourself by infusing magical energy.
You passively map a small area around you.
You do not regenerate.


Message History

You hit the crimson imp.
The crimson imp is almost dead.
The crimson imp hits you but does no damage.
You miss the crimson imp.
The crimson imp is severely wounded.
You block the crimson imp's attack.
The crimson imp hits you but does no damage.
You slash the crimson imp!
You kill the crimson imp!
A - a fizzy coppery potion An iguana comes into view.
The iguana hisses angrily.
You are no longer poisoned.
The iguana bites you!
* * * LOW HITPOINT WARNING * * *
Some of the chunks of flesh in your inventory have rotted away.
You barely miss the iguana. The iguana barely misses you.
You hit the iguana but do no damage. You block the iguana's attack.
The iguana bites you!
You die...

, ...#........#..# , ,
...........÷.....# .# ,
,.........÷<....... ...
...........##.##..
....,##...........#.####
....##.........####.....
,*#..#.........#####...#
, *#...l.###...##.##..##
.###...@.####........†..
................8..∩..8.
..............####...#..
, ..###..........#
###.... . #..........#
#.... * , #........#..#
,....# , ,
*#.......##..# ,..... *
,..................... ,
.#....#.<....##......


You could see an iguana.

Vanquished Creatures
  A water moccasin (D:5)
  A sky beast (D:4)
  A phantom (D:4)
  A scorpion (D:4)
  A howler monkey (D:4)
  2 crimson imps
  3 hounds
  3 orc priests
  An iguana (D:4)
  A worker ant (D:4)
  A howler monkey skeleton (D:2)
  8 gnolls
  8 adders
  An ooze (D:3)
  2 adder skeletons
  3 adder zombies (D:2)
  A worm (D:4)
  4 dart slugs (D:1)
  2 leopard geckos
  12 orcs
  2 bat zombies (D:2)
  5 giant cockroaches
  7 goblins
  5 hobgoblins
  4 jackals
  3 quokkas
  A ball python zombie (D:2)
  4 bats
  6 frilled lizards
  A giant cockroach zombie (D:2)
  3 kobolds
  A leopard gecko skeleton (D:2)
  A leopard gecko zombie (D:2)
  A quokka skeleton (D:2)
  2 quokka zombies (D:2)
  7 rats
110 creatures vanquished.

Notes
Turn   | Place    | Note
-------+----------+-------------------------------------------
     0 | D:1      | Iamsoldier the Deep Dwarf Fighter began the quest for the
                  | Orb.
     0 | D:1      | Reached XP level 1. HP: 20/20 MP: 1/1
   115 | D:1      | Reached XP level 2. HP: 25/27 MP: 2/2
   376 | D:1      | Reached XP level 3. HP: 27/34 MP: 3/3
   829 | D:2      | Reached XP level 4. HP: 18/42 MP: 4/4
  1291 | D:3      | HP: 1/42 [orc priest/divine providence (10)]
  1292 | D:3      | Reached XP level 5. HP: 2/49 MP: 5/5
  1321 | D:3      | Found a basalt altar of Yredelemnul.
  1541 | D:3      | Found a faded altar of an unknown god.
  2065 | D:4      | Reached XP level 6. HP: 16/57 MP: 6/6
  2123 | D:4      | Found a sparkling altar of Nemelex Xobeh.
  2356 | D:4      | Reached skill level 5 in Shields
  2371 | D:4      | Reached skill level 5 in Armour
  2393 | D:4      | Reached XP level 7. HP: 29/64 MP: 6/6
  2702 | D:4      | Reached skill level 5 in Axes
  3151 | D:5      | Entered Level 5 of the Dungeon
  3168 | D:5      | Found Neduha's Weapon Shop.
  3226 | D:5      | Slain by an iguana

Levels and vault maps discovered:
D:1:      dpeg_arrival_shelter, layout_loops_ring
D:2:      wander_river, layout_rooms, serial_undead, serial_undead_b,
          serial_undead_c, serial_undead_b, serial_undead_f, serial_undead_a,
          serial_undead_d, serial_undead_a, serial_undead_d, serial_undead_f,
          serial_undead_f
D:3:      layout_basic, yredelemnul_altar_generic, first_ration,
          chequers_ecumenical_altar_simple
D:4:      minmay_octagon_keep, layout_loops_corners,
          lemuel_coloured_pillars_altar
D:5:      layout_cave_pools, serial_shops, shop_statue, uniq_sigmund,
          uniq_pikel, uniq_prince_ribbit1

Skill      XL: |  1  2  3  4  5  6  7 |
---------------+----------------------+-----
Fighting       | 3 4 |  4.9
Axes           | 3 4 5 |  5.3
Armour         | 4 5 |  5.9
Shields        | 4 5 |  5.9

Action                   |  1- 3 |  4- 6 |  7- 9 || total
-------------------------+-------+-------+-------++-------
Melee: War axe           |    96 |   218 |    79 ||   393
 Abil: Heal Wounds       |       |     3 |     1 ||     4
  Use: Scroll            |       |     2 |     2 ||     4
  Eat: Chunk             |       |     5 |     3 ||     8
Armor: Scale mail        |    34 |     2 |       ||    36
       Plate armour      |       |   177 |    41 ||   218
Dodge: Dodged            |    30 |    43 |    18 ||    91
Block: Shield            |    67 |   128 |    35 ||   230
